ORI
UNIVERSITY OF ALABAMA CRIMSON TIDE @ MISSISSIPPI STATE UNIVERSITY BULLDOGS
08/14/2048
 
TOP OF THE 1ST
University of Alabama Crimson Tide batting - Pitching for Mississippi State University Bulldogs : RHP Fernando Montoya
Pitching: RHP Fernando Montoya
Batting: RHB Danny Rosario 0-0: Ball
1-0: Ground out 6-3 (Groundball, 6, EV 110.6 MPH)
Batting: LHB Danny Schultz 0-0: Ball
1-0: Swinging Strike
1-1: SINGLE (Groundball, 5S, EV 68.8 MPH) (infield hit)
Batting: RHB Juan Araiza 0-0: Called Strike
0-1: Called Strike
0-2: Strikes out looking
Danny Schultz steals 2nd base
Batter strikes out.
Batting: LHB Yu-shu Ni 0-0: Ball
1-0: Foul Ball, location: 2F
1-1: Ball
2-1: Ball
3-1: SINGLE (Groundball, 34D, EV 96.2 MPH)
Danny Schultz to third
Runner from 3rd tries for Home, SAFE, throw by RF to home
Yu-shu Ni to second
Batting: RHB B.J. Clark 0-0: Ball
1-0: Called Strike
1-1: Ball
2-1: DOUBLE (Groundball, 5L, EV 109.4 MPH)
Yu-shu Ni scores
Batting: RHB Hughie Withers 0-0: Fly out, F7 (Flyball, 78S, EV 90.6 MPH)
Top of the 1st over - 2 runs, 3 hits, 0 errors, 1 left on base; University of Alabama 2 - Mississippi State University 0
BOTTOM OF THE 1ST
Mississippi State University Bulldogs batting - Pitching for University of Alabama Crimson Tide : RHP Manny Tabaco
Pitching: RHP Manny Tabaco
Batting: RHB Logan Strassburg 0-0: Ground out 4-3 (Groundball, 4S, EV 81.9 MPH)
Batting: RHB Cody Ammann 0-0: Ball
1-0: Foul Ball, location: 2F
1-1: Ball
2-1: Foul Ball, location: 2F
2-2: Ball
3-2: Base on Balls
Batting: RHB Benito Gonzales 0-0: Ball
1-0: Ball
2-0: Ball
3-0: Base on Balls
Cody Ammann to second
Batting: RHB Masahito Sunada 0-0: Ball
1-0: Foul Ball, location: 2F
1-1: Ball
2-1: Called Strike
2-2: Strikes out swinging
Batting: RHB Oscar Vargas 0-0: Swinging Strike
0-1: Ball
1-1: Foul Ball, location: 2F
1-2: Ground out U3 (Groundball, 3S, EV 81.2 MPH)
Bottom of the 1st over - 0 runs, 0 hits, 0 errors, 2 left on base; University of Alabama 2 - Mississippi State University 0
TOP OF THE 2ND
University of Alabama Crimson Tide batting - Pitching for Mississippi State University Bulldogs : RHP Fernando Montoya
Batting: LHB Robby Ramires 0-0: Ball
1-0: Ball
2-0: Called Strike
2-1: Reached on error, E4 (Groundball, 4, EV 81.2 MPH)
Batting: LHB Platon Protopsaltis 0-0: Fielders Choice at 2nd, 5-4 (Groundball, 5, EV 84.4 MPH)
Batting: RHB David Sanchez 0-0: Ball
1-0: Called Strike
Platon Protopsaltis is caught stealing 2nd base 2-4
1-1: Ball
2-1: Foul Ball, location: 2F
2-2: Foul Ball, location: 2F
2-2: SINGLE (Line Drive, 9S, EV 100.6 MPH)
Batting: RHB Danny Rosario 0-0: Called Strike
0-1: Hit by Pitch
David Sanchez to second
Pinch Runner at 1st Mike Bidwell:
Batting: LHB Danny Schultz 0-0: Foul Ball, location: 2F
0-1: Ball
1-1: Ball
2-1: Called Strike
2-2: Strikes out swinging
Top of the 2nd over - 0 runs, 1 hit, 1 error, 2 left on base; University of Alabama 2 - Mississippi State University 0
BOTTOM OF THE 2ND
Mississippi State University Bulldogs batting - Pitching for University of Alabama Crimson Tide : RHP Manny Tabaco
Now at 3B: Matt Williams
Batting: LHB Ricardo Ramos 0-0: Called Strike
0-1: Foul Ball, location: 2F
0-2: Ball
1-2: Foul Ball, location: 2F
1-2: Strikes out swinging
Batting: RHB Eric Riley 0-0: Ground out U3 (Groundball, 3, EV 78.8 MPH)
Batting: RHB Karl Lukasiewicz 0-0: Called Strike
0-1: Called Strike
0-2: Ball
1-2: Strikes out swinging wild pitch, reaches first!
Batting: RHB Jun Qing 0-0: Ball
1-0: Called Strike
1-1: Fielders Choice at 2nd, 6-4 (Groundball, 6, EV 106.2 MPH)
Bottom of the 2nd over - 0 runs, 0 hits, 0 errors, 1 left on base; University of Alabama 2 - Mississippi State University 0
TOP OF THE 3RD
University of Alabama Crimson Tide batting - Pitching for Mississippi State University Bulldogs : RHP Fernando Montoya
Batting: RHB Juan Araiza 0-0: Ball
1-0: Fly out, F7 (Flyball, 78M, EV 86.9 MPH)
Batting: LHB Yu-shu Ni 0-0: Called Strike
0-1: Foul Ball, location: 2F
0-2: Foul Ball, location: 2F
0-2: Ball
1-2: Ball
2-2: Strikes out swinging
Batting: RHB B.J. Clark 0-0: Ball
1-0: Fly out, F4 (Popup, 34, EV 64.4 MPH)
Top of the 3rd over - 0 runs, 0 hits, 0 errors, 0 left on base; University of Alabama 2 - Mississippi State University 0
BOTTOM OF THE 3RD
Mississippi State University Bulldogs batting - Pitching for University of Alabama Crimson Tide : RHP Manny Tabaco
Batting: RHB Logan Strassburg 0-0: Ball
1-0: Swinging Strike
1-1: Foul Ball, location: 2F
1-2: Strikes out looking
Batting: RHB Cody Ammann 0-0: Fly out, F9 (Line Drive, 9S, EV 95.0 MPH)
Batting: RHB Benito Gonzales 0-0: Foul Ball, location: 2F
0-1: Ball
1-1: Ball
2-1: Foul Ball, location: 2F
2-2: Foul Ball, location: 2F
2-2: Foul Ball, location: 2F
2-2: Ball
3-2: Base on Balls
Batting: RHB Masahito Sunada 0-0: Hit by Pitch
Benito Gonzales to second
Pinch Runner at 1st Josh Stene:
Batting: RHB Oscar Vargas 0-0: Ball
1-0: Called Strike
1-1: Fielders Choice at 2nd, 6-4 (Groundball, 6, EV 111.2 MPH)
Bottom of the 3rd over - 0 runs, 0 hits, 0 errors, 2 left on base; University of Alabama 2 - Mississippi State University 0
TOP OF THE 4TH
University of Alabama Crimson Tide batting - Pitching for Mississippi State University Bulldogs : RHP Fernando Montoya
Batting: RHB Hughie Withers 0-0: Ball
1-0: Reached on error, E6 (Groundball, 6, EV 83.1 MPH)
Batting: LHB Robby Ramires 0-0: Called Strike
0-1: Called Strike
0-2: Foul Ball, location: 2F
0-2: Foul Ball, location: 2F
0-2: Strikes out swinging
Batting: LHB Platon Protopsaltis 0-0: Ball
1-0: Swinging Strike
1-1: Fielders Choice at 2nd, 4-6 (Groundball, 4, EV 101.2 MPH)
Batting: RHB David Sanchez 0-0: Called Strike
0-1: Ball
Platon Protopsaltis steals 2nd base
1-1: Ball
2-1: Foul Ball, location: 2F
2-2: Ball
3-2: Fly out, F9 (Flyball, 9D, EV 101.2 MPH)
Top of the 4th over - 0 runs, 0 hits, 1 error, 1 left on base; University of Alabama 2 - Mississippi State University 0
BOTTOM OF THE 4TH
Mississippi State University Bulldogs batting - Pitching for University of Alabama Crimson Tide : RHP Manny Tabaco
Batting: LHB Ricardo Ramos 0-0: Called Strike
0-1: Swinging Strike
0-2: Ball
1-2: Foul Ball, location: 2F
1-2: SINGLE (Line Drive, 89M, EV 93.1 MPH)
Batting: RHB Eric Riley 0-0: Ball
1-0: Called Strike
1-1: Ball
Ricardo Ramos steals 2nd base
2-1: Foul Ball, location: 2F
2-2: Ball
3-2: Ground out 5-3 (Groundball, 5L, EV 88.8 MPH)
Batting: RHB Karl Lukasiewicz 0-0: Called Strike
0-1: Foul Ball, location: 2F
0-2: Ball
1-2: Fly out, F2 (Popup, 23F, EV 83.1 MPH)
Batting: RHB Jun Qing 0-0: Foul Ball, location: 2F
0-1: Foul Ball, location: 2F
0-2: Fly out, F3 (Popup, 34S, EV 63.8 MPH)
Bottom of the 4th over - 0 runs, 1 hit, 0 errors, 1 left on base; University of Alabama 2 - Mississippi State University 0
TOP OF THE 5TH
University of Alabama Crimson Tide batting - Pitching for Mississippi State University Bulldogs : RHP Fernando Montoya
Pitching: RHP Salvatore Caraballo
Now at 1B: Bill Petipas
Now at 2B: Alexis Gallegos
Now in RF: Vinnie Kalman
Batting: RHB Matt Williams 0-0: Ball
1-0: Called Strike
1-1: Ball
2-1: Ball
3-1: Called Strike
3-2: Foul Ball, location: 2F
3-2: Fly out, F9 (Flyball, 9LM, EV 98.1 MPH)
Pinch Hitting: RHB John Hicken 0-0: Called Strike
0-1: Foul Ball, location: 2F
0-2: Strikes out swinging
Pinch Hitting: RHB Onorato Zacagnini 0-0: Called Strike
0-1: Ground out U3 (Groundball, 34, EV 88.8 MPH)
Top of the 5th over - 0 runs, 0 hits, 0 errors, 0 left on base; University of Alabama 2 - Mississippi State University 0
BOTTOM OF THE 5TH
Mississippi State University Bulldogs batting - Pitching for University of Alabama Crimson Tide : RHP Manny Tabaco
Pitching: RHP Dave Bellah
Now at C: Larry Brown
Now at 1B: Onorato Zacagnini
Now in RF: Andrew Robison
Pinch Hitting: RHB Freddie Kite 0-0: Ball
1-0: Swinging Strike
1-1: Foul Ball, location: 2F
1-2: Foul Ball, location: 2F
1-2: Strikes out swinging
Batting: RHB Alexis Gallegos 0-0: Foul Ball, location: 2F
0-1: Ball
1-1: Foul Ball, location: 2F
1-2: Ball
2-2: Fly out, F8 (Flyball, 8RD, EV 101.9 MPH)
Batting: LHB Vinnie Kalman 0-0: Called Strike
0-1: DOUBLE (Line Drive, 7LM, EV 111.2 MPH)
Batting: RHB Josh Stene 0-0: Ball
1-0: Fly out, F9 (Flyball, 9, EV 88.8 MPH)
Bottom of the 5th over - 0 runs, 1 hit, 0 errors, 1 left on base; University of Alabama 2 - Mississippi State University 0
TOP OF THE 6TH
University of Alabama Crimson Tide batting - Pitching for Mississippi State University Bulldogs : RHP Salvatore Caraballo
Now at 3B: Freddie Kite
Batting: LHB Matt Barkley 0-0: Ball
1-0: Ball
2-0: Ball
3-0: Base on Balls
Pinch Hitting: LHB Joe Blackwood 0-0: Called Strike
0-1: Ball
1-1: Ball
2-1: Foul Ball, location: 2F
2-2: Ball
3-2: Strikes out swinging
Pinch Hitting: RHB Jong-your Lee 0-0: Ball
Matt Barkley steals 2nd base
1-0: Ball
2-0: Foul Ball, location: 2F
2-1: Called Strike
2-2: TRIPLE (Flyball, 78XD, EV 89.4 MPH)
Matt Barkley scores
Pinch Hitting: LHB Brian Van 0-0: Ball
1-0: Ground out 4-3 (Groundball, 4, EV 83.1 MPH)
Jong-your Lee scores
Pinch Hitting: RHB Rodrik Gardner 0-0: Ball
1-0: SINGLE (Groundball, 56, EV 94.4 MPH)
Pitching: LHP Terry Sanders
Batting: SHB Andrew Robison 0-0: Ball
1-0: Called Strike
1-1: Called Strike
Rodrik Gardner is caught stealing 2nd base 2-4
Top of the 6th over - 2 runs, 2 hits, 0 errors, 0 left on base; University of Alabama 4 - Mississippi State University 0
BOTTOM OF THE 6TH
Mississippi State University Bulldogs batting - Pitching for University of Alabama Crimson Tide : RHP Dave Bellah
Now at 2B: Rodrik Gardner
Now at SS: Jong-your Lee
Now in LF: Brian Van
Now in CF: Joe Blackwood
Batting: RHB Oscar Vargas 0-0: Ball
1-0: Ball
2-0: Foul Ball, location: 2F
2-1: Ball
3-1: Swinging Strike
3-2: Base on Balls
Pinch Hitting: LHB Danny Shanahan 0-0: Foul Ball, location: 2F
0-1: Called Strike
0-2: Ball
1-2: Foul Ball, location: 2F
1-2: Foul Ball, location: 2F
1-2: Ball
2-2: Foul Ball, location: 2F
2-2: SINGLE (Line Drive, 6D, EV 107.5 MPH)
Oscar Vargas to second
Batting: RHB Bill Petipas 0-0: Ball
1-0: Ball
2-0: Ball
3-0: Called Strike
3-1: Base on Balls
Oscar Vargas to third
Danny Shanahan to second
Pinch Hitting: LHB Tom Ploughman 0-0: SINGLE (Groundball, 4D, EV 98.8 MPH)
Oscar Vargas scores
Danny Shanahan to third
Bill Petipas to second
Pitching: RHP Danny Jaramillo
Batting: RHB Jun Qing 0-0: Ball
1-0: Grounds into fielders choice 6-2 (Groundball, 56S, EV 85.6 MPH)
Bill Petipas to third
Tom Ploughman to second
Batting: RHB Freddie Kite 0-0: Ball
1-0: Ball
2-0: SINGLE (Groundball, 34, EV 95.0 MPH)
Bill Petipas scores
Tom Ploughman to third
Jun Qing to second
Batting: RHB Alexis Gallegos 0-0: Ball
1-0: Foul Ball, location: 2F
1-1: Swinging Strike
1-2: Strikes out swinging
Batting: LHB Vinnie Kalman 0-0: Ball
1-0: Ground out 4-3 (Groundball, 4, EV 78.1 MPH)
Bottom of the 6th over - 2 runs, 3 hits, 0 errors, 3 left on base; University of Alabama 4 - Mississippi State University 2
TOP OF THE 7TH
University of Alabama Crimson Tide batting - Pitching for Mississippi State University Bulldogs : LHP Terry Sanders
Pitching: RHP Randy Richardson
Now in LF: Danny Shanahan
Now in CF: Tom Ploughman
Batting: SHB Andrew Robison 0-0: Called Strike
0-1: Foul Ball, location: 2F
0-2: Ball
1-2: Foul Ball, location: 2F
1-2: Ball
2-2: Ball
3-2: Foul Ball, location: 2F
3-2: Strikes out swinging
Batting: RHB Matt Williams 0-0: Ball
1-0: Ball
2-0: DOUBLE (Line Drive, 7LD, EV 111.9 MPH)
Batting: RHB Larry Brown 0-0: Called Strike
0-1: Foul Ball, location: 2F
0-2: Strikes out looking
Batting: RHB Onorato Zacagnini 0-0: Ball
1-0: Called Strike
1-1: Ball
2-1: Foul Ball, location: 2F
2-2: Foul Ball, location: 2F
2-2: Ball
3-2: Strikes out swinging
Top of the 7th over - 0 runs, 1 hit, 0 errors, 1 left on base; University of Alabama 4 - Mississippi State University 2
BOTTOM OF THE 7TH
Mississippi State University Bulldogs batting - Pitching for University of Alabama Crimson Tide : RHP Danny Jaramillo
Pitching: LHP Juan Cardenas
Batting: RHB Josh Stene 0-0: TRIPLE (Line Drive, 78XD, EV 99.4 MPH)
Batting: RHB Oscar Vargas 0-0: Ground out 6-3 (Groundball, 6, EV 85.6 MPH)
Josh Stene scores
Batting: LHB Danny Shanahan 0-0: Ground out 1-3 (Groundball, 13S, EV 68.8 MPH)
Batting: RHB Bill Petipas 0-0: Ball
1-0: Ball
2-0: Ball
3-0: Called Strike
3-1: Base on Balls
Batting: LHB Tom Ploughman 0-0: Ball
1-0: TRIPLE (Line Drive, 89XD, EV 113.1 MPH)
Bill Petipas scores
Batting: RHB Jun Qing 0-0: Foul Ball, location: 2F
0-1: Ball
1-1: Swinging Strike
1-2: Strikes out swinging
Bottom of the 7th over - 2 runs, 2 hits, 0 errors, 1 left on base; University of Alabama 4 - Mississippi State University 4
TOP OF THE 8TH
University of Alabama Crimson Tide batting - Pitching for Mississippi State University Bulldogs : RHP Randy Richardson
Pitching: RHP Esteban Vidal
Batting: LHB Matt Barkley 0-0: Ball
1-0: Ground out 6-3 (Groundball, 6, EV 90.0 MPH)
Batting: LHB Joe Blackwood 0-0: Ball
1-0: Ball
2-0: Called Strike
2-1: Ball
3-1: SINGLE (Groundball, 4, EV 96.9 MPH)
Batting: RHB Jong-your Lee 0-0: Ball
Joe Blackwood is caught stealing 2nd base 2-4
1-0: Called Strike
1-1: Foul Ball, location: 2F
1-2: Strikes out swinging
Top of the 8th over - 0 runs, 1 hit, 0 errors, 0 left on base; University of Alabama 4 - Mississippi State University 4
BOTTOM OF THE 8TH
Mississippi State University Bulldogs batting - Pitching for University of Alabama Crimson Tide : LHP Juan Cardenas
Batting: RHB Freddie Kite 0-0: Ball
1-0: Swinging Strike
1-1: Foul Ball, location: 2F
1-2: Ball
2-2: Ball
3-2: Base on Balls
Batting: RHB Alexis Gallegos 0-0: Fly out, F7 (Flyball, 7D, EV 90.6 MPH)
Pinch Hitting: RHB Jesse Hodges 0-0: Ball
1-0: SINGLE (Groundball, 13, EV 86.9 MPH) (infield hit)
Freddie Kite to second
Batting: RHB Alvin Abarca 0-0: Fly out, F9 (Line Drive, 9LM, EV 85.6 MPH)
Pinch Hitting: RHB Chris Everett 0-0: Called Strike
0-1: Ground out 5-3 (Groundball, 56S, EV 80.6 MPH)
Bottom of the 8th over - 0 runs, 1 hit, 0 errors, 2 left on base; University of Alabama 4 - Mississippi State University 4
TOP OF THE 9TH
University of Alabama Crimson Tide batting - Pitching for Mississippi State University Bulldogs : RHP Esteban Vidal
Pitching: RHP Julio Espana
Now at C: Chris Everett
Now in RF: Jesse Hodges
Batting: LHB Brian Van 0-0: Ball
1-0: Ball
2-0: Ground out U3 (Groundball, 34, EV 107.5 MPH)
Batting: RHB Rodrik Gardner 0-0: Foul Ball, location: 2F
0-1: Foul Ball, location: 2F
0-2: Strikes out looking
Batting: SHB Andrew Robison 0-0: Ball
1-0: Foul Ball, location: 2F
1-1: Called Strike
1-2: Strikes out swinging
Top of the 9th over - 0 runs, 0 hits, 0 errors, 0 left on base; University of Alabama 4 - Mississippi State University 4
BOTTOM OF THE 9TH
Mississippi State University Bulldogs batting - Pitching for University of Alabama Crimson Tide : LHP Juan Cardenas
Pitching: LHP Don Rodgers
Batting: LHB Danny Shanahan 0-0: Ball
1-0: Fly out, F9 (Flyball, 89M, EV 89.4 MPH)
Pinch Hitting: RHB Benjamin Alderdice 0-0: Foul Ball, location: 2F
0-1: Foul Ball, location: 2F
0-2: Ball
1-2: Strikes out looking
Batting: LHB Tom Ploughman 0-0: Swinging Strike
0-1: Ground out 6-3 (Groundball, 6M, EV 100.0 MPH)
Bottom of the 9th over - 0 runs, 0 hits, 0 errors, 0 left on base; University of Alabama 4 - Mississippi State University 4
TOP OF THE 10TH
University of Alabama Crimson Tide batting - Pitching for Mississippi State University Bulldogs : RHP Julio Espana
Pitching: RHP Tony Renteria
Now at 1B: Benjamin Alderdice
Pinch Hitting: LHB Dallas Shaw 0-0: Swinging Strike
0-1: Ball
1-1: Foul Ball, location: 2F
1-2: Foul Ball, location: 2F
1-2: Ball
2-2: SINGLE (Line Drive, 78S, EV 91.9 MPH)
Batting: RHB Larry Brown 0-0: Bunted foul
0-1: Bunted foul
0-2: Ball
1-2: Ball
2-2: Ball
3-2: SINGLE (Groundball, 34, EV 106.9 MPH)
Dallas Shaw to second
Runner from 2nd tries for 3rd, SAFE, throw by RF made to third
Pinch Hitting: RHB Matt Aponte 0-0: Called Strike
0-1: Foul Ball, location: 2F
0-2: Foul Ball, location: 2F
0-2: Ball
1-2: Reached via error on a dropped throw from 3B, E3 (Groundball, 56S, EV 68.1 MPH)
Dallas Shaw scores
Larry Brown to second
Batting: LHB Eddie Corona 0-0: Ball
1-0: Swinging Strike
1-1: Swinging Strike
1-2: Foul Ball, location: 2F
1-2: Strikes out swinging
Batting: LHB Joe Blackwood 0-0: Ball
1-0: Called Strike
1-1: Foul Ball, location: 2F
1-2: Foul Ball, location: 2F
1-2: Fly out, F9 (Flyball, 9, EV 76.2 MPH)
Batting: RHB Jong-your Lee 0-0: Ball
1-0: Ball
2-0: Called Strike
2-1: Swinging Strike
2-2: Strikes out looking
Top of the 10th over - 1 run, 2 hits, 1 error, 2 left on base; University of Alabama 5 - Mississippi State University 4
BOTTOM OF THE 10TH
Mississippi State University Bulldogs batting - Pitching for University of Alabama Crimson Tide : LHP Don Rodgers
Pitching: RHP Luiz Schantz
Now at 1B: Justin Gray
Now at 3B: Fernando Reyes
Batting: RHB Jun Qing 0-0: Called Strike
0-1: SINGLE (Line Drive, 4D, EV 100.0 MPH)
Batting: RHB Freddie Kite 0-0: Bunt missed!
0-1: Ball
1-1: Bunt missed!
1-2: Ball
2-2: Foul Ball, location: 2F
2-2: Fly out, F4 (Popup, 34, EV 36.9 MPH)
Batting: RHB Alexis Gallegos 0-0: Grounds into double play, 4-6-3 (Groundball, 4, EV 99.4 MPH)
Bottom of the 10th over - 0 runs, 1 hit, 0 errors, 0 left on base; University of Alabama 5 - Mississippi State University 4
Tuesday, March 28th , 2023 - OOTP Baseball 23.10 Build 110